 Dungeon Crawl Stone Soup version 0.30-a0-305-g026cb31310 (webtiles) character file.

Game seed: 11916485893829558490

996 pyrow613 the Trooper (level 7, -4/61 HPs)
             Began as a Demigod Fighter on Oct 21, 2022.
             Slain by an ogre
             ... wielding a +0 giant spiked club
              (13 damage)
             ... on level 5 of the Dungeon.
             The game lasted 00:14:50 (4104 turns).

pyrow613 the Trooper (Demigod Fighter)              Turns: 4104, Time: 00:14:50

Health: -4/61      AC: 13    Str: 21    XL:     7   Next: 66%
Magic:  9/9        EV:  7    Int: 20    God:
Gold:   337        SH:  5    Dex: 13    Spells: 3/6 levels left

rFire   . . .      SeeInvis .    a - +0 war axe
rCold   + . .      Faith    .    c - +0 buckler
rNeg    . . .      Spirit   .    y - +0 chain mail
rPois   .          Reflect  .    e - +0 helmet
rElec   .          Harm     .    r - +0 cloak
rCorr   .          Rampage  .    (no gloves)
Will    .....                    k - +0 pair of boots
Stlth   ..........               (no amulet)
HPRegen 0.30/turn                v - +6 ring of intelligence
MPRegen 0.11/turn                g - ring of protection from cold

@: no status effects
A: high MP 1, forlorn, divine attributes
a: no special abilities


You were on level 5 of the Dungeon.
You visited 1 branch of the dungeon, and saw 5 of its levels.

You collected 337 gold pieces.

Inventory:

Hand Weapons
 a - a +0 war axe (weapon)
 b - a +0 sling
Missiles
 f - 76 stones (quivered)
 p - a throwing net
 w - 3 curare-tipped darts
Armour
 c - a +0 buckler (worn)
 e - a +0 helmet (worn)
 k - a +0 pair of boots (worn)
 r - a +0 cloak (worn)
 y - a +0 chain mail (worn)
Jewellery
 g - a ring of protection from cold (right hand)
 v - a +6 ring of intelligence (left hand)
Wands
 z - a wand of charming (8)
Scrolls
 j - 2 scrolls of immolation {unknown}
 m - a scroll of amnesia {unknown}
 n - 3 scrolls of identify
 q - a scroll of noise
 s - a scroll of brand weapon {unknown}
Potions
 d - a potion of might
 h - a potion of ambrosia
 i - 2 potions of brilliance
 l - 2 potions of magic
 o - a potion of berserk rage {unknown}
 t - a potion of attraction {unknown}
 u - a potion of degeneration {unknown}
 x - a potion of heal wounds {unknown}


   Skills:
 * Level 5.3 Fighting
 * Level 4.9 Axes
 + Level 4.2 Armour
 + Level 4.3 Shields
 - Level 2.0 Transmutations


You had 3 spell levels left.
You knew the following spells:

 Your Spells              Type           Power      Damage    Failure   Level
a - Wereblood             Tmut           8%         N/A       82%         2
b - Magic Dart            Conj           0%         1d3       92%         1

Your spell library contained the following spells:

 Spells                   Type           Power      Damage    Failure   Level
 Searing Ray              Conj           0%         2d4       98%         2
 Sublimation of Blood     Necr           0%         N/A       98%         2
 Fulminant Prism          Conj/Hex       0%         3d6       100%        4
 Summon Hydra             Summ           0%         N/A       100%        7


Dungeon Overview and Level Annotations

Branches:
Dungeon (5/15)
 Temple: D:4-7


Innate Abilities, Weirdness & Mutations

You have an increased reservoir of magic. (+10% MP)
You shall have no god before yourself.
Your divine heritage dramatically boosts your attributes as you level up.


Message History

The puff of frost hits you. You resist.
You barely miss the white imp.
The white imp is almost dead.
The white imp hits you but does no damage.
The white imp hits you. The white imp freezes you. You resist.
You barely miss the white imp.
The white imp is almost dead.
The white imp gestures at you. The puff of frost hits you. You resist.
You slash the white imp!
You kill the white imp!
You start resting.
A quokka comes into view.
Okay, then.
Cast which spell? (? or * to list)
Okay, then.
A quokka is nearby!
You see here a +0 giant spiked club.
You block the quokka's attack.
You slash the quokka!
You kill the quokka!
An ogre comes into view. It is wielding a +0 giant spiked club.
The ogre shouts!
You block the ogre's attack.
You hit the ogre.
The ogre is moderately wounded.
The ogre hits you with a +0 giant spiked club.
You barely miss the ogre.
The ogre is moderately wounded.
You barely miss the ogre.
The ogre is moderately wounded.
The ogre hits you with a +0 giant spiked club!
You are too injured to fight recklessly!
You are too injured to fight recklessly!
The ogre attacks as you move away!
The ogre hits you with a +0 giant spiked club!!
* * * LOW HITPOINT WARNING * * *
The ogre attacks as you move away!
The ogre hits you with a +0 giant spiked club!
You die...

..........##.###.###.# $
..........#.##.##.##.###.## #
.##.......#.#.#.#.#.#.#O#. .#
##.#.........#..#..#..#..#.. .
#.#.#.....#...#...#...#...#...
.#.##.......#.)..#....#....#
..##.#...#...#)....#.....#..
....#.#..#.....#.O....#......#
.....##).##.....@.#.......#...
.......#.#...)................
.........##############.......
########## #######


You could see an ogre.

Vanquished Creatures
  A black bear (D:5)
  3 ogres (D:5)
  2 killer bees (D:5)
  6 hounds
  An iguana (D:4)
  5 orc wizards
  10 adders
  A shadow imp (D:5)
  A white imp (D:5)
  An ufetubus (D:5)
  2 dart slugs
  7 orcs
  5 bats
  8 endoplasms
  7 giant cockroaches
  10 hobgoblins
  4 jackals (D:3)
  3 quokkas
  6 ball pythons
  4 frilled lizards
  5 goblins
  5 kobolds
  5 rats
102 creatures vanquished.

Vanquished Creatures (collateral kills)
  A jelly (D:5)
  An adder (D:5)
2 creatures vanquished.

Grand Total: 104 creatures vanquished

Notes
Turn   | Place    | Note
-------+----------+-------------------------------------------
     0 | D:1      | pyrow613 the Demigod Fighter began the quest for the Orb.
     0 | D:1      | Reached XP level 1. HP: 18/18 MP: 3/3
   266 | D:1      | Reached XP level 2. HP: 21/25 MP: 4/4
   267 | D:1      | Reached skill level 3 in Fighting
   806 | D:2      | Reached XP level 3. HP: 29/31 MP: 5/5
   825 | D:2      | Reached XP level 4. HP: 25/38 MP: 6/6
  1754 | D:2      | Reached XP level 5. HP: 45/46 MP: 7/7
  1896 | D:3      | Reached skill level 4 in Fighting
  2129 | D:3      | Learned a level 2 spell: Wereblood
  2284 | D:3      | Learned a level 1 spell: Magic Dart
  2312 | D:4      | Reached XP level 6. HP: 46/52 MP: 8/8
  2996 | D:5      | Entered Level 5 of the Dungeon
  3033 | D:5      | Reached skill level 1 in Transmutations
  3503 | D:5      | Reached XP level 7. HP: 42/60 MP: 9/9
  3771 | D:5      | Reached skill level 5 in Fighting
  4104 | D:5      | Slain by an ogre

Illustrated notes

Levels and vault maps discovered:
D:1:      zelgadis_glass_arrival_small, layout_loops_ring
D:2:      layout_basic
D:3:      layout_rooms, shapermc_ecumenical_altar_petra
D:4:      layout_basic, kennysheep_generic_room_12
D:5:      layout_basic, general_overflow_altar, minmay_temple_entry_poolview,
          minmay_misc_feat_secret_circle, minmay_increasing_density

Skill      XL: |  1  2  3  4  5  6  7 |
---------------+----------------------+-----
Axes           | 2 3 4 |  4.9
Fighting       | 3 4 5 |  5.3
Armour         | 3 4 |  4.2
Shields        | 3 4 |  4.3
Transmutations | 1 2 |  2.0

Action                   |  1- 3 |  4- 6 |  7- 9 || total
-------------------------+-------+-------+-------++-------
Melee: War axe           |    88 |   207 |    56 ||   351
 Fire: Sling             |     7 |    10 |     1 ||    18
Throw: Stone             |       |     2 |       ||     2
  Use: Scroll            |       |     6 |     1 ||     7
       Potion            |       |     1 |       ||     1
Armor: Scale mail        |    47 |   107 |       ||   154
       Chain mail        |       |    32 |    43 ||    75
Dodge: Dodged            |    28 |   125 |    26 ||   179
Block: Buckler           |    12 |    70 |    13 ||    95

Table legend: (Time is in decaauts)
 A = Elapsed time spent in this place.
 B = Non-inter-level travel time spent in this place.
 C = Inter-level travel time spent in this place.
 D = Time resting spent in this place.
 E = Time spent auto-exploring this place.
 F = Levels seen in this place.
 G = Mean time per level.
                   A        B        C        D        E       F      G
               +--------+--------+--------+--------+--------+-----+--------+
         Total |   4248 |   4127 |    121 |    521 |   2601 |   5 |  849.6 |
       Dungeon |   4248 |   4127 |    121 |    521 |   2601 |   5 |  849.6 |
               +--------+--------+--------+--------+--------+-----+--------+

Top non-repeatable levels by time:
     D:2: 1002 daAuts
     D:5: 936 daAuts
     D:4: 914 daAuts
     D:1: 801 daAuts
     D:3: 593 daAuts
